Map: Nightshade LE

Players

Gerald - Winner!

  • Race: Protoss Protoss
  • Spawn Location: 5:00

souL

  • Race: Terran Terran
  • Spawn Location: 11:00

Event: IEM Katowice 2020

VOD

Have the link to the VOD?

Description

Time

  • Played on: Feb. 24, 2020, 7:28 a.m.
  • Length: 20:00

All games in this series

Show
View Real Time Build Order
Export as new Build Order

Gerald Protoss - Winner!

Build Orders: 1 Gate Expand, Blink Stalkers, Colossus Rush 

Get SALT Encoding   

  12  0:00  Probe  
  13  0:13  Probe  
  14  0:17  Pylon  
  14  0:25  Probe (Chrono Boost)  
  15  0:37  Probe (Chrono Boost), Gateway  
  16  0:43  Probe (Chrono Boost)  
  16  0:45  Assimilator  
  17  0:51  Probe  
  18  1:03  Probe  
  19  1:15  Probe  
  20  1:24  Cybernetics Core  
  20  1:32  Nexus  
  20  1:35  Probe  
  21  1:41  Pylon  
  21  1:48  Assimilator  
  21  1:49  Probe  
  22  2:01  Probe  
  22  2:03  Stalker (Chrono Boost)  
  22  2:08  Warp Gate  
  24  2:13  Probe  
  25  2:25  Probe  
  25  2:27  Stalker (Chrono Boost)  
  28  2:38  Probe  
  28  2:44  Twilight Council  
  29  2:49  Probe (Chrono Boost)  
  29  2:50  Probe (Chrono Boost)  
  31  2:53  Stalker  
  33  3:01  Probe (Chrono Boost), Pylon  
  33  3:04  Probe (Chrono Boost)  
  35  3:07  Probe (Chrono Boost)  
  35  3:11  Blink (Chrono Boost)  
  35  3:12  Probe  
  37  3:18  Probe  
  38  3:24  Probe  
  39  3:28  Gateway  
  39  3:30  Probe  
  40  3:36  Probe  
  40  3:39  Gateway  
  41  3:43  Probe  
  41  3:47  Robotics Facility  
  42  3:48  Probe  
  42  3:55  Probe  
  44  4:00  Probe  
  44  4:01  Stalker  
  47  4:07  Probe  
  48  4:12  Pylon  
  48  4:13  Probe  
  49  4:18  Assimilator x2  
  49  4:19  Probe  
  50  4:25  Probe  
  50  4:27  Stalker  
  53  4:32  Probe  
  53  4:35  Stalker, Robotics Bay  
  56  4:40  Probe  
  56  4:44  Probe, Stalker  
  60  4:56  Probe  
  62  5:00  Nexus  
  62  5:01  Pylon  
  62  5:03  Observer (Chrono Boost)  
  62  5:04  Pylon  
  62  5:15  Forge  
  62  5:16  Pylon  
  62  5:19  Probe x2  
  65  5:21  Colossus (Chrono Boost)  
  65  5:25  Extended Thermal Lance (Chrono Boost)  
  70  5:31  Probe  
  70  5:34  Probe  
  72  5:38  Stalker  
  72  5:39  Stalker, Protoss Ground Weapons Level 1 (Chrono Boost)  
  76  5:43  Probe  
  76  5:47  Probe  
  78  5:55  Probe  
  79  6:05  Pylon, Colossus (Chrono Boost)  
  84  6:12  Probe  
  84  6:17  Stalker  
  84  6:18  Stalker  
  89  6:21  Probe  
  89  6:22  Probe  
  89  6:23  Pylon  
  89  6:24  Charge  
  91  6:29  Probe  
  91  6:31  Stalker, Gateway  
  94  6:33  Probe  
  94  6:35  Probe, Gateway  
  95  6:41  Probe  
  95  6:46  Probe, Zealot  
  99  6:51  Colossus  
  99  6:53  Gateway  
  106  6:55  Probe  
  106  6:58  Gateway  
  106  6:59  Shield Battery  
  106  7:02  Probe  
  106  7:03  Gateway  
  106  7:06  Probe  
  108  7:10  Templar Archives  
  108  7:15  Zealot x3  
  114  7:17  Pylon  
  114  7:22  Assimilator  
  114  7:24  Assimilator  
  114  7:28  Probe  
  115  7:34  Probe  
  115  7:35  Probe, Pylon, Photon Cannon  
  117  7:40  Forge  
  117  7:41  Pylon  
  117  7:42  Psionic Storm  
  117  7:43  Probe  
  118  7:50  Protoss Ground Armor Level 1 (Chrono Boost)  
  118  7:54  High Templar  
  118  7:55  Nexus, High Templar  
  122  8:01  Disruptor (Chrono Boost)  
  125  8:07  Pylon  
  125  8:12  Pylon  
  125  8:15  Protoss Ground Weapons Level 2 (Chrono Boost)  
  125  8:20  Pylon  
  125  8:22  High Templar  
  125  8:23  Zealot x4  
  135  8:29  Stalker  
  135  8:30  Stalker  
  135  8:33  Zealot  
  141  8:34  Pylon  
  141  8:43  Stalker x2, Zealot  
  141  8:44  Zealot  
  141  8:46  Disruptor  
  140  8:49  Probe x2  
  140  8:50  Probe  
  133  9:01  Probe (Chrono Boost), High Templar  
  138  9:03  Probe (Chrono Boost)  
  138  9:04  Probe (Chrono Boost)  
  138  9:10  Photon Cannon  
  138  9:13  Probe (Chrono Boost)  
  142  9:18  Probe x2 (Chrono Boost), Photon Cannon  
  142  9:19  Probe (Chrono Boost)  
  142  9:20  Probe (Chrono Boost)  
  142  9:22  Observer  
  139  9:27  Probe  
  139  9:28  Probe  
  139  9:31  High Templar x2  
  145  9:36  Archon  
  145  9:37  Zealot  
  129  9:40  Probe (Chrono Boost)  
  129  9:43  Probe (Chrono Boost)  
  128  9:48  Probe (Chrono Boost)  
  128  9:50  Probe (Chrono Boost)  
  130  9:53  Probe (Chrono Boost)  
  117  10:00  Probe (Chrono Boost)  
  117  10:01  Stalker x2  
  117  10:02  Stalker  
  127  10:08  Probe x3 (Chrono Boost)  
  127  10:10  Probe (Chrono Boost)  
  126  10:17  Photon Cannon  
  126  10:21  Probe (Chrono Boost)  
  126  10:24  Probe (Chrono Boost)  
  126  10:25  Probe (Chrono Boost)  
  127  10:29  Disruptor  
  127  10:33  High Templar  
  127  10:34  Zealot, High Templar  
  136  10:42  Zealot  
  138  10:45  Stalker  
  138  10:46  Probe (Chrono Boost)  
  138  10:47  Probe (Chrono Boost)  
  138  10:48  Probe x2 (Chrono Boost)  
  140  10:58  Stalker x2  
  140  11:00  Probe (Chrono Boost)  
  145  11:08  Disruptor  
  142  11:28  Stalker  
  142  11:30  Photon Cannon  
  142  11:32  Probe x3  
  145  11:33  Probe  
  145  11:43  High Templar x2  
  145  11:44  Probe (Chrono Boost), Zealot x5  
  162  11:47  Probe (Chrono Boost)  
  162  11:48  Probe (Chrono Boost)  
  162  11:52  Probe (Chrono Boost), Archon, Disruptor  
  167  11:55  Probe (Chrono Boost)  
  167  11:58  Probe (Chrono Boost)  
  169  12:02  Probe (Chrono Boost)  
  169  12:06  Probe (Chrono Boost), Zealot x3, High Templar  
  180  12:12  Probe x2 (Chrono Boost)  
  180  12:13  Probe (Chrono Boost)  
  182  12:19  Probe (Chrono Boost)  
  182  12:28  Disruptor  
  176  12:34  Zealot x7  
  188  12:45  Archon x2  
  174  13:03  Disruptor  
  175  13:05  Zealot x2  
  175  13:06  Zealot x4  
  171  13:23  Stalker x2  
  141  13:36  High Templar x3  
  141  13:37  Zealot x3  
  141  13:38  Probe (Chrono Boost)  
  141  13:39  Probe x2 (Chrono Boost), Disruptor  
  160  13:44  Probe (Chrono Boost)  
  160  13:48  Probe (Chrono Boost), Archon  
  155  13:53  Zealot x2  
  155  13:55  Gateway  
  159  13:57  Gateway  
  159  14:02  Gateway  
  155  14:03  Gateway  
  155  14:09  Stalker x6  
  163  14:15  Disruptor  
  118  14:33  Zealot x2  
  118  14:34  Zealot x6  
  130  14:47  Nexus  
  130  14:52  Stalker x2  
  122  14:54  Pylon  
  121  15:04  Zealot x10  
  141  15:13  Nexus  
  129  15:34  Stalker x5  
  129  15:35  High Templar  
  133  16:07  Zealot x5  
  133  16:08  Zealot x4  
  144  16:15  Zealot x2  
  139  16:28  Zealot x3  
  139  16:29  Zealot  
  147  16:46  Stalker x3  
  149  17:09  High Templar  
  149  17:10  High Templar x3  
  149  17:14  Archon  
  149  17:15  Archon  
  157  17:21  Stalker x4  
  150  17:43  Zealot x7  
  150  17:44  Zealot  
  133  17:58  Zealot x3  
  137  18:10  High Templar x2  
  137  18:11  Zealot  
  141  18:23  Stalker  
  141  18:24  Stalker  
  123  18:51  Stalker x3  
  129  18:59  Zealot x2  
  129  19:37  Nexus  
Show
View Real Time Build Order
Export as new Build Order

souL Terran 

Build Orders: Reaper Expand 

Get SALT Encoding   

  12  0:00  SCV  
  13  0:13  SCV  
  14  0:17  Supply Depot  
  14  0:25  SCV  
  15  0:38  SCV  
  15  0:39  Barracks  
  16  0:44  Refinery  
  16  0:50  SCV  
  17  1:02  SCV  
  18  1:15  SCV  
  19  1:27  Reaper, Orbital Command  
  20  1:45  Command Center  
  20  1:52  Supply Depot  
  20  1:55  SCV  
  20  2:00  Marine  
  22  2:07  SCV  
  23  2:13  Factory  
  23  2:21  Refinery  
  23  2:22  Barracks Reactor  
  23  2:23  SCV  
  24  2:35  SCV  
  25  2:48  SCV  
  25  2:56  Starport  
  25  2:58  Marine  
  25  2:59  Marine, Widow Mine  
  25  3:00  SCV  
  30  3:12  SCV  
  30  3:16  Bunker, Marine x2  
  32  3:20  Widow Mine  
  32  3:21  Orbital Command  
  32  3:24  SCV  
  35  3:34  Marine  
  35  3:35  Medivac  
  35  3:36  SCV  
  35  3:40  Supply Depot  
  39  3:43  Factory Tech Lab  
  39  3:48  SCV x2  
  41  3:52  Marine  
  41  3:53  Marine  
  43  4:00  SCV x2  
  43  4:01  Supply Depot  
  45  4:05  Starport Tech Lab  
  45  4:10  Siege Tank  
  45  4:12  SCV x2  
  45  4:16  Barracks  
  50  4:24  SCV x2  
  50  4:25  Supply Depot, Marine x2  
  54  4:35  Raven  
  54  4:36  SCV x2  
  58  4:48  SCV, Command Center  
  59  4:53  Engineering Bay  
  59  4:55  SCV  
  59  4:57  Siege Tank  
  62  5:01  Supply Depot  
  62  5:03  Marine  
  62  5:05  SCV  
  64  5:07  SCV  
  64  5:09  Supply Depot  
  65  5:17  SCV, Refinery x2  
  66  5:22  SCV  
  66  5:23  Armory  
  66  5:24  Marine x2  
  66  5:26  Marine  
  70  5:30  Stimpack  
  70  5:33  SCV  
  71  5:42  Supply Depot, Marine x2  
  71  5:43  Barracks  
  71  5:47  Terran Infantry Weapons Level 1  
  71  5:48  SCV  
  76  5:50  Marauder  
  76  5:53  SCV  
  77  6:00  Supply Depot, Marine  
  77  6:02  Orbital Command  
  78  6:05  Supply Depot  
  78  6:07  Siege Tank  
  78  6:11  Drilling Claws  
  81  6:12  SCV x2  
  81  6:17  Supply Depot  
  81  6:18  Marauder, Marine x2  
  86  6:20  Starport Reactor  
  86  6:24  SCV x2  
  88  6:27  Supply Depot  
  88  6:32  Barracks Tech Lab  
  88  6:34  SCV  
  88  6:35  Marine  
  88  6:38  SCV  
  88  6:39  Marauder  
  92  6:41  Supply Depot  
  92  6:42  Siege Tank  
  95  6:48  SCV  
  95  6:49  Supply Depot  
  95  6:50  Marine  
  95  6:51  Engineering Bay, Marauder  
  95  6:52  Orbital Command  
  99  6:55  Combat Shield  
  99  6:57  Marine  
  99  7:01  SCV, Marauder  
  102  7:03  SCV  
  102  7:05  Medivac  
  102  7:06  Medivac  
  108  7:10  Concussive Shells  
  108  7:12  Supply Depot  
  108  7:14  SCV  
  108  7:15  SCV, Supply Depot  
  109  7:18  SCV  
  109  7:20  Marauder  
  113  7:22  Terran Infantry Armor Level 1  
  113  7:26  SCV  
  113  7:27  SCV  
  114  7:30  SCV  
  114  7:33  Refinery  
  114  7:34  Refinery  
  114  7:37  Medivac x2  
  117  7:38  SCV  
  117  7:40  SCV  
  117  7:41  Widow Mine x2  
  117  7:42  SCV  
  126  7:47  Supply Depot  
  126  7:50  SCV  
  127  7:52  SCV, Barracks x2  
  127  7:54  SCV  
  127  7:57  Marauder  
  131  8:02  SCV  
  131  8:03  Widow Mine x2  
  131  8:04  SCV  
  136  8:06  SCV  
  137  8:14  SCV, Starport, Ghost Academy  
  137  8:16  SCV, Terran Infantry Weapons Level 2  
  137  8:18  SCV  
  140  8:23  Medivac  
  140  8:24  Widow Mine  
  140  8:25  Widow Mine  
  146  8:27  Supply Depot  
  146  8:28  SCV  
  146  8:29  Supply Depot  
  146  8:30  Marauder, Marine  
  146  8:31  Marauder  
  151  8:40  SCV  
  152  8:42  Barracks Reactor  
  152  8:43  Barracks Reactor  
  152  8:46  Viking, Widow Mine  
  157  8:48  SCV  
  157  8:53  Viking  
  166  9:05  Enhanced Shockwaves, Starport Reactor  
  166  9:06  Ghost  
  159  9:10  Ghost  
  159  9:12  Barracks x2  
  159  9:14  Widow Mine  
  163  9:18  Ghost  
  163  9:22  Command Center  
  163  9:29  Viking x2  
  163  9:30  Marine  
  166  9:32  Supply Depot  
  166  9:33  Supply Depot  
  166  9:35  Marauder  
  165  9:40  Marine  
  165  9:41  Marauder  
  162  9:48  Viking  
  162  9:49  Viking  
  162  9:50  Ghost  
  166  9:53  Marine  
  166  9:55  Marine  
  166  9:57  Marauder  
  166  9:59  Viking  
  157  10:02  Viking  
  154  10:08  Marauder, Marine  
  152  10:16  Marine  
  152  10:17  Supply Depot, Command Center  
  152  10:18  Marauder  
  152  10:20  Marauder, Widow Mine x2  
  163  10:24  Terran Infantry Armor Level 2  
  163  10:33  Medivac x2  
  163  10:34  Medivac  
  167  10:38  Bunker, Missile Turret  
  167  10:40  Medivac  
  169  10:44  Widow Mine x2  
  172  10:55  SCV x2  
  172  10:56  SCV  
  173  10:59  Barracks Tech Lab x2  
  173  11:01  Ghost  
  174  11:05  Widow Mine x2  
  174  11:07  Ghost  
  180  11:12  Ghost  
  180  11:13  Marine  
  174  11:22  Marine  
  174  11:23  Marauder  
  164  11:27  Medivac  
  164  11:29  Medivac  
  164  11:31  Marauder, Marine  
  171  11:33  Marine  
  171  11:34  Marauder  
  170  11:41  Marauder, Marine  
  170  11:44  SCV x3, Marine  
  170  11:45  Marauder  
  175  11:49  Marine  
  175  11:50  Marauder  
  175  11:52  Sensor Tower  
  178  11:58  Marine  
  178  11:59  Marauder  
  178  12:00  Marauder, Marine, Sensor Tower, Fusion Core  
  184  12:02  Marine x2  
  184  12:05  Marine  
  187  12:10  SCV x2  
  187  12:11  Marauder  
  187  12:12  Liberator  
  192  12:18  Planetary Fortress  
  190  12:27  Viking  
  192  12:32  Viking x2  
  192  12:33  Marauder, Marine  
  199  12:42  Marauder  
  200  12:48  Marine  
  193  12:52  Marine x4  
  193  12:53  Marauder  
  193  12:55  Marauder, Marine  
  191  13:03  Marauder  
  183  13:05  Marine  
  183  13:07  Liberator  
  183  13:10  Marine x3  
  183  13:11  Marauder  
  183  13:12  Liberator x2  
  192  13:13  Marine  
  192  13:14  Marauder  
  192  13:16  Marine  
  185  13:23  Marine  
  185  13:24  Marine  
  177  13:28  Marine x2  
  177  13:29  Widow Mine  
  177  13:30  Marine  
  177  13:31  Marauder  
  177  13:32  Marauder  
  165  13:34  Marauder  
  165  13:35  Marine  
  168  13:41  Marine  
  168  13:43  Marauder  
  168  13:44  Medivac  
  168  13:48  Orbital Command  
  172  13:50  Marine  
  172  13:52  Marauder  
  172  13:53  Marauder x2  
  179  13:56  Marauder  
  179  14:01  Medivac, Marine  
  182  14:04  Marauder  
  182  14:06  Medivac  
  186  14:11  Marine  
  186  14:14  Marauder  
  184  14:20  Marine  
  175  14:28  Marauder  
  156  14:36  SCV x3  
  161  14:42  Marauder, Marine  
  152  14:46  Marauder  
  152  14:47  Marine  
  152  14:52  Marauder  
  129  14:55  Liberator x2  
  125  15:01  Liberator  
  125  15:06  Marauder  
  127  15:08  Marauder x2  
  127  15:11  Widow Mine  
  133  15:14  Widow Mine  
  133  15:18  Marine  
  133  15:19  Marauder, Marine  
  136  15:23  Marine  
  122  15:29  Liberator  
  122  15:32  Widow Mine  
  123  15:44  Marine  
  123  15:45  Marauder, Marine x5  
  123  15:47  Marine  
  132  15:51  Marine  
  129  16:02  Marine  
  129  16:03  Marauder  
  127  16:12  Medivac x2  
  127  16:13  Marauder  
  130  16:22  Medivac  
  130  16:27  Marauder, Marine  
  133  16:38  Marine  
  133  16:39  Marauder  
  134  16:43  Marauder, Marine  
  134  16:45  Marauder  
  139  16:51  Marauder  
  141  16:58  Orbital Command  
  141  17:01  Liberator  
  91  17:43  Marine  
  57  18:30  Orbital Command  

Tags
 
Add a new tag
Caveats
  • Supply blocks, unpowered buildings, or Contaminate may cause inaccurate times.
  • Supply counts are checked every 10 seconds.